 Dungeon Crawl Stone Soup version 0.25-a0-287-g56a5b49892 (webtiles) character file.

Game seed: 309124335559643525, levelgen mode: deterministic

464 kae the Firebug (level 7, 0/36 HPs)
             Began as a Tengu Fire Elementalist on Dec 12, 2019.
             Slain by an orc wizard
             ... wielding a +0 dagger
              (1 damage)
             ... on level 4 of the Dungeon.
             The game lasted 00:04:46 (4440 turns).

kae the Firebug (Tengu Fire Elementalist)           Turns: 4440, Time: 00:04:46

Health: 0/36       AC:  4    Str:  8    XL:     7   Next: 8%
Magic:  0/13       EV: 13    Int: 17    God:
Gold:   125        SH:  0    Dex: 15    Spells: 11/12 levels left

rFire    . . .     SeeInvis .   g - +0 scythe
rCold    . . .     Gourm    .   (shield currently unavailable)
rNeg     . . .     Faith    .   a - +1 robe
rPois    +         Spirit   .   (helmet restricted)
rElec    .         Reflect  .   i - scarf {repulsion}
rCorr    .         Harm     .   l - +0 pair of gloves
MR       .....                  (boots unavailable)
Stlth    ++........             (no amulet)
HPRegen  0.12/turn              j - ring of poison resistance
MPRegen  0.13/turn              (no ring)

@: repel missiles
A: beak, talons 3, able to fly
a: Fly


You were on level 4 of the Dungeon.
You were hungry.

You visited 1 branch of the dungeon, and saw 4 of its levels.
You also visited: Sewer.

You collected 125 gold pieces.

Inventory:

Hand Weapons
 g - a +0 scythe (weapon)
Armour
 a - a +1 robe (worn)
 i - a scarf of repulsion (worn)
 l - a +0 pair of gloves (worn)
Jewellery
 j - a ring of poison resistance (left hand)
Scrolls
 d - 2 scrolls of remove curse
 e - 2 scrolls of enchant weapon
 f - a scroll of fear {unknown}
 h - a scroll of enchant armour
 k - a scroll of amnesia
Potions
 b - 2 potions of degeneration
Comestibles
 c - 8 rations


   Skills:
 - Level 2.1 Dodging
 - Level 2.0 Stealth
 + Level 3.4 Spellcasting
 * Level 5.9 Conjurations
 * Level 6.0 Fire Magic


You had 11 spell levels left.
You knew the following spells:

 Your Spells              Type           Power        Failure   Level  Hunger
a - Foxfire               Conj/Fire      ###.         1%          1    None

Your spell library contained the following spells:

 Spells                   Type           Power        Failure   Level  Hunger
 Conjure Flame            Conj/Fire      ###.....     4%          3    ###....
 Inner Flame              Hex/Fire       ##......     14%         3    ###....
 Sticky Flame             Conj/Fire      ###.....     14%         4    ####...
 Fireball                 Conj/Fire      ###.......   36%         5    ######.


Dungeon Overview and Level Annotations

Branches:
Dungeon (4/15)              Sewer (visited)
 Temple: D:4-7

Altars:
Sif Muna

Annotations:
D:2 1 runed translucent door, Crazy Yiuf
D:4 exclusions: howler monkey and worker ant


Innate Abilities, Weirdness & Mutations

You have a beak for a mouth.
You have claws for feet.
You can fly continuously.


Message History

Pain shoots through your body!
* * * LOW HITPOINT WARNING * * *
The foxfire hits the orc wizard.
The orc wizard is moderately wounded.
The foxfire hits the orc wizard.
The orc wizard is severely wounded.
The orc priest barely misses you.
Okay, then.
You barely miss the orc priest.
The orc priest is almost dead.
The orc wizard closely misses you.
The orc priest hits you with a +0 short sword.
* * * LOW HITPOINT WARNING * * *
The orc wizard closely misses you.
The orc priest looks braver for a moment.
Casting: Foxfire (safe; 1% risk of failure)
Confirm with . or Enter, or press ? or * to list all spells.
You conjure some foxfire!
The orc wizard hits you with a +0 dagger.
You die...

##..........## #..........
##..........## #..........
##..........# #..........##
###........## #...........
##........## #.<.........
##........#####.........
#########........## ###......#
.................v### ##.#.## #
...............o@o..########..###
.......##########v)....>.........
######## #...?.......###... #####
#....)....(. #... ....#####
#........... #... ........#
#........... #... .......##
#........... ##.. ......##
#........... #.[ ......#
#........... #..


You could see an orc priest and an orc wizard.

Vanquished Creatures
  Sigmund (D:2)
  A howler monkey (D:4)
  An orc priest (D:4)
  An orc wizard (D:4)
  4 worker ants (D:4)
  3 adders
  A howler monkey skeleton (D:4)
  A river rat (D:4)
  An ooze (D:3)
  3 worms
  A dart slug (D:4)
  4 leopard geckos
  6 orcs (D:4)
  A ball python (D:4)
  2 giant cockroaches
  6 goblins
  3 hobgoblins
  8 bats
  3 frilled lizards
  7 kobolds
  6 rats
64 creatures vanquished.

Vanquished Creatures (others)
  164 foxfires
164 creatures vanquished.

Grand Total: 228 creatures vanquished

Notes
Turn   | Place    | Note
-------+----------+-------------------------------------------
     0 | D:1      | kae the Tengu Fire Elementalist began the quest for the
                  | Orb.
     0 | D:1      | Reached XP level 1. HP: 10/10 MP: 4/4
   299 | D:1      | Reached XP level 2. HP: 9/15 MP: 0/6
  1194 | D:2      | Reached XP level 3. HP: 19/19 MP: 3/7
  1259 | D:2      | Found a shimmering blue altar of Sif Muna.
  1317 | D:2      | Noticed Sigmund
  1348 | D:2      | Killed Sigmund
  1348 | D:2      | Reached skill level 4 in Fire Magic
  1348 | D:2      | Reached XP level 4. HP: 24/24 MP: 0/9
  1348 | D:2      | Gained mutation: You can fly continuously. [Tengu growth]
  1348 | D:2      | Reached XP level 5. HP: 28/28 MP: 0/10
  1550 | D:2      | Found a runed translucent door.
  1551 | D:2      | Noticed Crazy Yiuf
  1563 | D:2      | You fall into a shaft and drop 1 floor!
  1574 | D:2      | You fall into a shaft and drop 2 floors!
  1668 | D:4      | Reached skill level 5 in Fire Magic
  1676 | D:4      | Found a glowing drain.
  1719 | D:4      | Reached XP level 6. HP: 32/32 MP: 7/11
  1781 | D:4      | Reached skill level 5 in Conjurations
  1894 | Sewer    | Entered a sewer
  1924 | Sewer    | Noticed Purgy
  4415 | D:4      | Reached XP level 7. HP: 32/36 MP: 9/13
  4421 | D:4      | Reached skill level 6 in Fire Magic
  4437 | D:4      | HP: 1/36 [orc priest/nerve-wracking pain (13)]
  4440 | D:4      | Slain by an orc wizard

Levels and vault maps discovered:
D:1:      roderic_chinese_lattice_arrival, layout_basic
D:2:      layout_loops_cross, nicolae_overflow_crystal_walls, uniq_sigmund,
          uniq_crazy_yiuf_cottage
D:3:      layout_loops_ring, first_ration
D:4:      layout_cave_pods, portal_sewer_entry_a

Skill      XL: |  1  2  3  4  5  6  7 |
---------------+----------------------+-----
Conjurations   | 2 4 5 |  5.9
Fire Magic     | 4 5 6 |  6.0
Spellcasting   | 3 |  3.4
Dodging        | |  2.1
Stealth        | |  2.0

Action                   |  1- 3 |  4- 6 |  7- 9 || total
-------------------------+-------+-------+-------++-------
Melee: Unarmed           |    24 |       |       ||    24
       Kick              |     4 |    20 |       ||    24
       Peck              |     2 |     6 |       ||     8
       Scythe            |       |    78 |     2 ||    80
 Cast: Foxfire           |    31 |    49 |    12 ||    92
  Use: Scroll            |     4 |     7 |       ||    11
       Potion            |     1 |     3 |       ||     4
 Stab: Sleeping          |     1 |     5 |       ||     6
       Invisible         |       |     1 |       ||     1
  Eat: Chunk             |     2 |     9 |       ||    11
Armor: Robe              |     8 |    21 |     1 ||    30
       Skin              |    15 |       |       ||    15
Dodge: Dodged            |    31 |   101 |    10 ||   142
       Deflected         |       |     2 |     1 ||     3

Table legend:
 A = Non-vault XP
 B = Vault XP
 C = Vault XP percentage of total XP
 D = Non-vault monster count
 E = Vault monster count
 F = Vault count percentage of total count
                 A         B        C        D         E       F
            +---------+---------+-------+---------+---------+-------
      Total |     434 |     230 |  34.6 |      58 |       6 |   9.4
            +---------+---------+-------+---------+---------+-------
        D:1 |      23 |       0 |   0.0 |      15 |       0 |   0.0
        D:2 |      19 |     212 |  91.8 |       4 |       1 |  20.0
        D:3 |      74 |       0 |   0.0 |      23 |       0 |   0.0
        D:4 |     318 |      18 |   5.4 |      16 |       5 |  23.8
            +---------+---------+-------+---------+---------+-------
